 Dungeon Crawl Stone Soup version 0.27-a0-1423-ge5d6b6ab6a (webtiles) character file.

Game seed: 16386752500631149693

977 HAL9000 the Sneak (level 8, -4/38 HPs)
             Began as a Vine Stalker Brigand on July 2, 2021.
             Slain by an ogre (25 damage)
             ... on level 5 of the Dungeon.
             The game lasted 00:08:21 (4271 turns).

HAL9000 the Sneak (Vine Stalker Brigand)            Turns: 4271, Time: 00:08:22

Health: -4/38      AC:  4    Str: 15    XL:     8   Next: 17%
Magic:  0/9        EV: 11    Int: 12    God:
Gold:   118        SH:  6    Dex: 16    Spells: 2/7 levels left

rFire    . . .     SeeInvis .   a - +2 dagger
rCold    . . .     Faith    .   o - +0 buckler
rNeg     . . .     Spirit   +   b - +0 robe
rPois    .         Reflect  .   (no helmet)
rElec    .         Harm     .   c - +0 cloak
rCorr    .         Rampage  .   r - +0 pair of gloves
Will     +....                  (no boots)
Stlth    ++++......             (no amulet)
HPRegen  1.12/turn              (no ring)
MPRegen  0.11/turn              (no ring)

@: no status effects
A: fangs 3, regeneration 1, magic shield, antimagic bite, no potion heal 2
a: no special abilities


You were on level 5 of the Dungeon.
You visited 1 branch of the dungeon, and saw 5 of its levels.

You collected 118 gold pieces.

Inventory:

Hand Weapons
 a - a +2 dagger (weapon)
Missiles
 d - 17 poisoned darts (quivered)
 k - a throwing net
Armour
 b - a +0 robe (worn)
 c - a +0 cloak (worn)
 i - a +0 leather armour
 o - a +0 buckler (worn)
 r - a +0 pair of gloves (worn)
Wands
 q - a wand of flame (2)
 u - a wand of polymorph (3)
 w - a wand of acid (11)
Scrolls
 g - a scroll of immolation
 l - a scroll of noise {unknown}
 x - a scroll of teleportation {unknown}
 y - a scroll of magic mapping {unknown}
Potions
 f - 3 potions of attraction
 h - 3 potions of curing
 j - 2 potions of heal wounds {unknown}
 m - 2 potions of might {unknown}
 n - a potion of cancellation {unknown}
 p - a potion of lignification {unknown}
 s - a potion of brilliance {unknown}
 t - a potion of resistance {unknown}
 v - a potion of invisibility {unknown}


   Skills:
 - Level 1.7 Fighting
 - Level 2.4 Short Blades
 - Level 1.7 Throwing
 - Level 0.7 Dodging
 - Level 7.0 Stealth
 - Level 6.4 Shields
 + Level 3.3 Hexes


You had 2 spell levels left.
You knew the following spells:

 Your Spells              Type           Power      Damage    Failure   Level
a - Ensorcelled Hibernat  Hex/Ice        8%         N/A       26%         2
b - Tukima's Dance        Hex            8%         N/A       26%         3

Your spell library contained the following spells:

 Spells                   Type           Power      Damage    Failure   Level
 Corona                   Hex            8%         N/A       9%          1
 Portal Projectile        Hex/Tloc       8%         N/A       45%         3
 Cause Fear               Hex            4%         N/A       63%         4
 Call Canine Familiar     Summ           0%         N/A       69%         3
 Ozocubu's Armour         Ice            0%         N/A       69%         3
 Leda's Liquefaction      Hex/Erth       2%         N/A       86%         4
 Dragon Form              Tmut           0%         N/A       100%        7
 Ozocubu's Refrigeration  Ice            0%         4d5       100%        7
 Dragon's Call            Summ           0%         N/A       100%        9


Dungeon Overview and Level Annotations

Branches:
Dungeon (5/15)
 Temple: D:4-7

Altars:

Shops:
D:4 [(::(


Innate Abilities, Weirdness & Mutations

You have razor-sharp teeth.
Your natural rate of healing is unusually fast.
When hurt, damage is shared between your health and your magic reserves.
Your bite disrupts and absorbs the magic of your enemies.
Potions cannot restore your health.


Message History

Found a stone staircase leading up.
Casting: Ensorcelled Hibernation (dangerous; 26% risk of failure)
Confirm with . or Enter, or press ? or * to list all spells.
Okay, then.
Casting: Ensorcelled Hibernation (dangerous; 26% risk of failure)
Confirm with . or Enter, or press ? or * to list all spells.
Okay, then.
There is a stone staircase leading up here.
y - a scroll labelled PARGHON ZEZILI An ogre comes into view.
It is wielding a +0 giant club.
An ogre is nearby!
The ogre shouts!
Casting: Ensorcelled Hibernation (dangerous; 26% risk of failure)
Confirm with . or Enter, or press ? or * to list all spells.
Aiming: Ensorcelled Hibernation (dangerous; 26% risk of failure)
Press: ? - help, Shift-Dir - straight line, f - ogre
Aim: an ogre, wielding a +0 giant club (chance to affect: 36%)
The ogre easily resists.
Unknown command.
Throw: 2 darts (curare)
Press: ? - help, Q - select action, (/) - cycle Shift-Dir - straight line, f/p - ogre
Aim: an ogre, wielding a +0 giant club (74% to hit)
You can't see any item there.
You throw a curare-tipped dart.
The curare-tipped dart barely misses the ogre.
The ogre hits you with a +0 giant club!!
Ouch! That really hurt!
Throw: dart (curare)
Press: ? - help, Q - select action, (/) - cycle Shift-Dir - straight line, f/p - ogre
Aim: an ogre, wielding a +0 giant club (74% to hit)
You throw a curare-tipped dart. The curare-tipped dart hits the ogre.
The ogre is poisoned.
The ogre convulses.
The ogre seems to slow down.
The ogre is moderately wounded.
The ogre barely misses you.
You hit the ogre.
The ogre is moderately wounded.
The ogre hits you with a +0 giant club!!
Ouch! That really hurt!
You die...

##.######.##########
##.# #.# ##########
##.# #.# #.........
##.# #.# #.########
##.# #.# #.# ##.#
#.# #.# ...#
#.###### #.# ####
#......#########.#
######..@O(.....(#
#..########## ####


You could see an ogre (very poisoned, slow).

Vanquished Creatures
  Pikel (D:4)
  A water moccasin (D:5)
  A necrophage (D:4)
  2 scorpions
  Ijyb (D:4)
  Jessica (D:3)
  A hound zombie (D:5)
  2 adders
  3 gnolls (D:2)
  A shadow imp (D:4)
  An adder skeleton (D:4)
  2 dart slugs
  2 orcs (D:4)
  6 endoplasms
  4 giant cockroaches
  3 goblins
  5 hobgoblins
  11 jackals
  4 quokkas
  3 ball pythons
  3 bats
  A frilled lizard (D:3)
  6 kobolds
  11 rats
76 creatures vanquished.

Notes
Turn   | Place    | Note
-------+----------+-------------------------------------------
     0 | D:1      | HAL9000 the Vine Stalker Brigand began the quest for the
                  | Orb.
     0 | D:1      | Reached XP level 1. HP: 11/11 MP: 2/2
    47 | D:1      | Reached skill level 5 in Stealth
   191 | D:1      | Reached XP level 2. HP: 14/15 MP: 3/3
   886 | D:1      | Reached skill level 6 in Stealth
  1132 | D:2      | Reached XP level 3. HP: 18/18 MP: 4/4
  1306 | D:2      | Gained mutation: Your natural rate of healing is unusually
                  | fast. [Vine Stalker growth]
  1306 | D:2      | Reached XP level 4. HP: 17/23 MP: 3/5
  1398 | D:2      | Reached skill level 7 in Stealth
  2666 | D:3      | Noticed Jessica
  2673 | D:3      | Killed Jessica
  2674 | D:3      | Reached skill level 1 in Shields
  2674 | D:3      | Reached XP level 5. HP: 23/26 MP: 3/6
  2912 | D:4      | Noticed a necrophage
  2967 | D:4      | Killed a necrophage
  2987 | D:4      | Found Gueheneg's Book Boutique.
  3009 | D:4      | Reached XP level 6. HP: 18/30 MP: 5/7
  3070 | D:4      | Found Umion's Weapon Boutique.
  3084 | D:4      | Learned a level 2 spell: Ensorcelled Hibernation
  3116 | D:4      | Noticed Pikel
  3144 | D:4      | Killed Pikel
  3145 | D:4      | Reached XP level 7. HP: 7/34 MP: 1/8
  3229 | D:4      | Learned a level 3 spell: Tukima's Dance
  3245 | D:4      | Found Sux Bagg's Book Shoppe.
  3334 | D:4      | Found Qunyoch's Weapon Boutique.
  3501 | D:4      | Noticed Ijyb
  3540 | D:4      | Killed Ijyb
  3541 | D:4      | Reached skill level 1 in Hexes
  3961 | D:4      | Found Qovyaxt's Antique Armour Shop.
  3986 | D:5      | Entered Level 5 of the Dungeon
  4052 | D:5      | Gained mutation: You have razor-sharp teeth. [Vine Stalker
                  | growth]
  4052 | D:5      | Reached XP level 8. HP: 38/38 MP: 9/9
  4271 | D:5      | Slain by an ogre

Illustrated notes

Levels and vault maps discovered:
D:1:      dpeg_arrival_ratfight, layout_basic
D:2:      layout_basic, chequers_serial_rivers_large_a, minivault_4
D:3:      layout_basic, uniq_jessica
D:4:      layout_basic, serial_shops, shop, nicolae_shop_crystal,
          nicolae_inconvenience_store, shop, nicolae_shop_stone, uniq_ijyb,
          uniq_pikel
D:5:      layout_loops_ring, serial_shops, shop, grunt_ministairs_5,
          hangedman_decor_lopped

Skill      XL: |  1  2  3  4  5  6  7  8 |
---------------+-------------------------+-----
Stealth        | 5 6 7 |  7.0
Short Blades   | 2 |  2.4
Shields        | 1 3 6 |  6.4
Hexes          | 2 3 |  3.3
Fighting       | |  1.7
Throwing       | |  1.7
Dodging        | |  0.7

Action                   |  1- 3 |  4- 6 |  7- 9 || total
-------------------------+-------+-------+-------++-------
Melee: Dagger            |    54 |   137 |    53 ||   244
       Bite              |     8 |    34 |     7 ||    49
Throw: Dart              |     9 |     5 |     3 ||    17
       Throwing net      |       |     1 |       ||     1
 Cast: Ensorcelled Hiber |       |       |     1 ||     1
Evoke: Wand              |       |       |     4 ||     4
  Use: Scroll            |       |     3 |       ||     3
 Stab: Sleeping          |     9 |    10 |     4 ||    23
       Distracted        |       |     1 |       ||     1
       Held in net/web   |       |     2 |       ||     2
Armor: Robe              |     6 |       |     7 ||    13
       Leather armour    |     9 |    30 |       ||    39
       Skin              |       |       |     6 ||     6
Dodge: Dodged            |    34 |    53 |     9 ||    96
Block: Buckler           |       |     9 |     5 ||    14

Table legend: (Time is in decaauts)
 A = Elapsed time spent in this place.
 B = Non-inter-level travel time spent in this place.
 C = Inter-level travel time spent in this place.
 D = Time resting spent in this place.
 E = Time spent auto-exploring this place.
 F = Levels seen in this place.
 G = Mean time per level.
                   A        B        C        D        E       F      G
               +--------+--------+--------+--------+--------+-----+--------+
         Total |   4263 |   4146 |    117 |    621 |   2682 |   5 |  852.6 |
       Dungeon |   4263 |   4146 |    117 |    621 |   2682 |   5 |  852.6 |
               +--------+--------+--------+--------+--------+-----+--------+

Top non-repeatable levels by time:
     D:4: 1131 daAuts
     D:1: 1080 daAuts
     D:2: 986 daAuts
     D:3: 781 daAuts
     D:5: 283 daAuts
